 Seeded DCSS version 0.28-a0-687-gb91baff9cc (webtiles) character file.

Game seed: 20211020 (custom seed)

5347 a11behringer the Basher (level 10, -14/86 HPs)
             Began as a Pale Draconian Berserker on Oct 20, 2021.
             Was a High Priest of Trog.
             Demolished by an orc warrior (18 damage)
             ... in a bailey.
             The game lasted 00:35:07 (6684 turns).

a11behringer the Basher (Pale Draconian Berserker)  Turns: 6684, Time: 00:35:08

Health: -14/86     AC:  8    Str: 22    XL:     10   Next: 38%
Magic:  10/10      EV: 18    Int:  7    God:    Trog [*****.]
Gold:   488        SH:  5    Dex: 12    Spells: 9/9 levels left

rFire   . . .      SeeInvis .   B - +1 whip (elec)
rCold   . . .      Faith    .   (no shield)
rNeg    . . .      Spirit   .   (armour unavailable)
rPois   .          Reflect  +   (helmet restricted)
rElec   .          Harm     .   (no cloak)
rCorr   .          Rampage  .   (no gloves)
Will    ++...                   E - +0 pair of boots
Stlth   ++........              F - amulet of reflection
HPRegen 1.24/turn               w - +4 ring of evasion
MPRegen 0.12/turn               (no ring)

@: about to teleport, strong-willed, regenerating, studying Fighting
A: breathe steam, AC +7, unfitting armour, cold-blooded, steam resistance
a: Breathe Steam, Renounce Religion, Berserk, Trog's Hand, Brothers in Arms


You were in a bailey.
You worshipped Trog.
Trog was extremely pleased with you.
You visited 1 branch of the dungeon, and saw 8 of its levels.
You also visited: Ossuary and Bailey.

You collected 488 gold pieces.

Inventory:

Hand Weapons
 a - a +0 mace
 c - a +0 whip
 g - a +0 lajatang
 i - a +0 hunting sling
 l - a +1 spectral club
 y - a +0 shortbow
 B - a +1 whip of electrocution (weapon)
 C - a +2 mace
 D - a +0 mace of protection
 P - a +0 arbalest
 Q - a +5 arbalest
Missiles
 j - 227 stones (quivered)
 k - 250 bolts
 r - 2 throwing nets
 M - 34 arrows
Armour
 E - a +0 pair of boots (worn)
Jewellery
 h - an amulet of regeneration
 o - an amulet of faith
 w - a +4 ring of evasion (left hand)
 F - an amulet of reflection (around neck)
 I - a ring of ice
 K - an amulet of guardian spirit
Wands
 n - a wand of flame (16)
 x - a wand of iceblast (8)
 A - a wand of paralysis (4)
 L - a wand of mindburst (14)
Scrolls
 m - 4 scrolls of teleportation
 G - 4 scrolls of identify
 O - a scroll of torment {unknown}
Potions
 b - a potion of ambrosia
 d - 2 potions of magic
 e - 3 potions of resistance
 f - 5 potions of curing
 p - a potion of invisibility
 q - a potion of might {unknown}
 s - 2 potions of berserk rage
 t - 3 potions of mutation
 u - 4 potions of heal wounds {unknown}
 v - 3 potions of brilliance {unknown}
 z - a potion of lignification {unknown}
 H - a potion of flight {unknown}
 J - a potion of attraction {unknown}
 N - 2 potions of haste {unknown}


   Skills:
 + Level 7.2 Fighting
 * Level 12.4 Maces & Flails
 + Level 6.4 Dodging
 - Level 1.4 Stealth
 * Level 4.3 Evocations


You had 9 spell levels left.
You didn't know any spells.
Your spell library was empty.

Dungeon Overview and Level Annotations

Branches:
Dungeon (8/15)             Temple (0/1) D:7         Ossuary (visited)
 Bailey (1/1)
   Lair: D:8-11

Altars:
Hepliaklqana
Nemelex Xobeh
Vehumet

Shops:
D:6 (


Innate Abilities, Weirdness & Mutations

You can breathe blasts of scalding, opaque steam.
Your pale cyan-grey scales are hard. (AC +7)
You cannot fit into any form of body armour.
You are cold-blooded and may be slowed by cold attacks.
You are immune to the effects of steam.


Message History

The orc warrior closely misses you.
The orc warrior hits you from afar with a +0 glaive.
The orc warrior misses you. The orc knight closely misses you.
The orc warrior is engulfed in a cloud of scalding steam.
You block the orc warrior's attack.
There is an open gate here.
You hit the orc warrior but do no damage.
Lightning courses through the orc warrior!!
The orc warrior is severely wounded.
The orc warrior closely misses you.
The orc knight hits you from afar with a +4 trident!
You hit the orc warrior.
The orc warrior is almost dead.
The orc warrior barely misses you.
You barely miss the orc warrior.
The orc warrior is almost dead.
The orc warrior misses you.
The orc knight roars a battlecry!
The orc warriors go into a battle-frenzy!
You hit the orc warrior but do no damage.
The orc warrior is almost dead.
The orc warrior misses you.
You hit the orc warrior. You tail-slap the orc warrior.
You kill the orc warrior!
Trog accepts your kill.
The orc warrior hits you with a +0 trident!!
The orc knight hits you from afar with a +4 trident!!
* * * LOW HITPOINT WARNING * * *
You feel better.
The orc knight hits you from afar with a +4 trident!!
* * * LOW HITPOINT WARNING * * *
You block the orc warrior's attack.
As you read the scroll of teleportation, it crumbles to dust.
You feel strangely unstable.
You have got your breath back.
The orc knight barely misses you.
The orc warrior hits you with a +0 trident.
* * * LOW HITPOINT WARNING * * *
The orc warrior hits you from afar with a +0 trident!!
You die...

.................................
....≈≈≈≈≈...).............≈≈≈≈≈..
...≈≈#.#≈≈...............≈≈#.#≈≈.
...≈##.##≈...............≈##.##≈.
...≈..^..≈...............≈))^..≈.
...≈##)∩#≈...............≈#∩.##≈.
..)≈≈#)#.≈....#######....≈.#.#≈≈.
....≈≈≈≈≈.....##....##...)≈≈≈≈≈..
..............##@....##..........
..............##'''#..##.........
..........##..##oo∩##..#.........
..........##.####'####.##........
..........##.')#.o.#)'.##........
........).##.###._.###.##........
..........##.')#).!#)'.##........
..........##)#########.##........
...........#..##.#.##..#.........


You could see an orc knight and 2 orc warriors.

Vanquished Creatures
  Pikel (D:6)
  Grinder (D:4)
  3 slime creatures (D:7)
  Eustachio (D:5)
  Menkaure (D:7)
  Duvessa (D:4)
  7 orc warriors
  A black bear (D:4)
  A sky beast (D:7)
  2 necrophages
  6 ogres
  A lemure (D:6)
  A centaur (D:7)
  4 phantoms
  2 kobold brigands (D:7)
  A bullfrog (D:7)
  Dowan (D:4)
  A wyvern zombie (D:7)
  8 scorpions
  A water moccasin skeleton (D:4)
  4 wights (D:7)
  A centaur zombie (Ossuary)
  3 hounds
  2 human zombies
  6 jellies
  5 scorpion zombies (Ossuary)
  2 human skeletons (D:7)
  Ijyb (D:4)
  An iguana (D:6)
  A hound skeleton (D:4)
  3 mummies (Ossuary)
  Robin (D:4)
  13 adders
  An adder skeleton (D:4)
  A worm (D:3)
  4 dart slugs
  25 orcs
  14 ball pythons
  11 endoplasms
  2 giant cockroaches
  2 gnoll zombies (Ossuary)
  13 hobgoblins
  6 quokkas
  3 bats
  4 frilled lizards
  22 goblins
  A goblin zombie (Ossuary)
  3 hobgoblin zombies (Ossuary)
  14 kobolds
  4 kobold zombies (Ossuary)
  3 orc skeletons (D:7)
  5 orc zombies (Ossuary)
  6 rats
232 creatures vanquished.

Vanquished Creatures (others)
  21 fungi
  7 toadstools (D:7)
28 creatures vanquished.

Grand Total: 260 creatures vanquished

Notes
Turn   | Place    | Note
-------+----------+-------------------------------------------
     0 | D:1      | a11behringer the Draconian Berserker began the quest for
                  | the Orb.
     0 | D:1      | Reached XP level 1. HP: 19/19 MP: 1/1
   157 | D:1      | Reached XP level 2. HP: 26/26 MP: 2/2
   902 | D:1      | Reached XP level 3. HP: 31/31 MP: 3/3
  1036 | D:2      | Reached ** piety under Trog
  1336 | D:2      | Reached skill level 4 in Maces & Flails
  1452 | D:2      | Reached XP level 4. HP: 37/40 MP: 4/4
  1471 | D:2      | Found a faded altar of an unknown god.
  1896 | D:3      | Reached *** piety under Trog
  1993 | D:3      | Reached XP level 5. HP: 39/46 MP: 5/5
  2088 | D:3      | Found a sparkling altar of Nemelex Xobeh.
  2337 | D:4      | Noticed Grinder
  2337 | D:4      | Paralysed by Grinder for 7 turns
  2352 | D:4      | Killed Grinder
  2353 | D:4      | Reached skill level 6 in Maces & Flails
  2353 | D:4      | Reached XP level 6. HP: 48/52 MP: 6/6
  2363 | D:4      | Noticed Ijyb
  2378 | D:4      | Killed Ijyb
  2537 | D:4      | Your scales start taking on a pale cyan-grey colour.
  2537 | D:4      | Reached XP level 7. HP: 46/60 MP: 7/7
  2537 | D:4      | Gained mutation: You are immune to the effects of steam.
                  | [Pale Draconian growth]
  2560 | D:4      | Noticed Robin
  2566 | D:4      | Reached skill level 7 in Maces & Flails
  2574 | D:4      | Killed Robin
  2623 | D:4      | Found a radiant altar of Vehumet.
  2890 | D:4      | Noticed Duvessa
  2890 | D:4      | Noticed Dowan
  2904 | D:4      | Killed Duvessa
  2905 | D:4      | Reached skill level 8 in Maces & Flails
  2906 | D:4      | Killed Dowan
  2945 | D:4      | Reached XP level 8. HP: 25/67 MP: 8/8
  3041 | D:4      | Reached skill level 5 in Fighting
  3441 | D:5      | Entered Level 5 of the Dungeon
  3512 | D:5      | Reached **** piety under Trog
  3535 | D:5      | Noticed Eustachio
  3547 | D:5      | Killed Eustachio
  3548 | D:5      | Reached skill level 1 in Stealth
  3725 | D:5      | Reached skill level 9 in Maces & Flails
  3749 | D:5      | Found a hazy altar of Hepliaklqana.
  3996 | D:5      | Reached skill level 5 in Dodging
  4314 | D:6      | Reached skill level 1 in Evocations
  4396 | D:6      | Noticed Pikel
  4403 | D:6      | Killed Pikel
  4404 | D:6      | Reached skill level 10 in Maces & Flails
  4404 | D:6      | Reached XP level 9. HP: 75/75 MP: 9/9
  4531 | D:6      | Found Isirim's Weapon Emporium.
  4852 | D:7      | Found a staircase to the Ecumenical Temple.
  4898 | D:7      | Noticed Menkaure
  4903 | D:7      | Killed Menkaure
  4904 | D:7      | Reached skill level 11 in Maces & Flails
  4949 | D:7      | Found a sand-covered staircase.
  4956 | Ossuary  | Entered an ossuary
  5515 | D:7      | Reached ***** piety under Trog
  5656 | D:7      | Reached XP level 10. HP: 63/84 MP: 10/10
  5761 | D:7      | Reached skill level 12 in Maces & Flails
  6096 | D:7      | Identified a scroll of acquirement
  6096 | D:7      | Acquired a manual of Fighting
  6269 | D:8      | Found a flagged portal.
  6287 | Bailey   | Entered a bailey
  6672 | Bailey   | Noticed an orc knight
  6683 | Bailey   | HP: 3/86 [orc warrior (6)]
  6684 | Bailey   | Demolished by an orc warrior

Illustrated notes

Levels and vault maps discovered:
D:1:      minmay_arrival_split_and_join, layout_basic, minmay_domino_4
D:2:      layout_basic, ebering_ecumenical_altar_rust, minmay_crystal_water,
          grunt_ministairs_1
D:3:      layout_rooms, mainiacjoe_overflow_chevrons
D:4:      layout_gridville, mainiacjoe_overflow_alcove_1, uniq_robin, uniq_ijyb,
          uniq_duvessa, uniq_grinder
D:5:      layout_loops_cross, nzn_hepliaklqana_mist_gate, uniq_eustachio
D:6:      layout_basic, serial_shops, shop_statue, uniq_pikel
D:7:      cheibrodos_fertilizer, layout_basic, minmay_temple_entry_slanted,
          nicolae_ossuary_entry_catacombs, minivault_22,
          amcnicky_mini_corridor_feature, uniq_menkaure
D:8:      layout_cave_pools, mainiacjoe_overflow_six_doors_small, enter_bailey_3
Bailey:   bailey_polearm_2, bailey

Skill      XL: |  1  2  3  4  5  6  7  8  9 10 |
---------------+-------------------------------+-----
Maces & Flails | 4 6 8 10 11 12 | 12.4
Dodging        | 3 4 5 6 |  6.4
Fighting       | 4 5 6 7 |  7.2
Stealth        | 1 |  1.4
Evocations     | 2 3 4 |  4.3

Action                   |  1- 3 |  4- 6 |  7- 9 | 10-12 || total
-------------------------+-------+-------+-------+-------++-------
Melee: Mace              |   109 |   160 |   166 |       ||   435
       Tailslap          |     6 |    20 |    66 |    14 ||   106
       Whip              |       |       |   226 |   103 ||   329
Invok: Berserk           |     2 |     3 |     6 |     2 ||    13
       Trog's Hand       |       |     1 |     6 |     3 ||    10
 Abil: Breathe Steam     |       |       |    15 |    10 ||    25
  Use: Scroll            |     1 |     5 |    10 |     3 ||    19
       Potion            |       |       |       |     1 ||     1
 Stab: Sleeping          |       |       |     5 |     1 ||     6
Armor: Skin              |    45 |    50 |   120 |    16 ||   231
Dodge: Dodged            |    86 |   124 |   249 |    95 ||   554
Block: Other             |       |       |       |     3 ||     3
       Reflection        |       |       |       |     1 ||     1

Table legend: (Time is in decaauts)
 A = Elapsed time spent in this place.
 B = Non-inter-level travel time spent in this place.
 C = Inter-level travel time spent in this place.
 D = Time resting spent in this place.
 E = Time spent auto-exploring this place.
 F = Levels seen in this place.
 G = Mean time per level.
                   A        B        C        D        E       F      G
               +--------+--------+--------+--------+--------+-----+--------+
         Total |   6697 |   5790 |    907 |      0 |   3673 |  10 |  669.7 |
       Dungeon |   5843 |   4936 |    907 |      0 |   3663 |   8 |  730.4 |
       Ossuary |    478 |    478 |      0 |      0 |      0 |   1 |  478.0 |
        Bailey |    376 |    376 |      0 |      0 |     10 |   1 |  376.0 |
               +--------+--------+--------+--------+--------+-----+--------+

Top non-repeatable levels by time:
     D:4: 1167 daAuts
     D:1: 1056 daAuts
     D:7: 893 daAuts
     D:2: 810 daAuts
     D:6: 687 daAuts
     D:5: 675 daAuts
     D:3: 512 daAuts
 Ossuary: 478 daAuts
  Bailey: 376 daAuts
     D:8: 40 daAuts
